 Dungeon Crawl Stone Soup version 0.22-a0-601-gb0ed703 (webtiles) character file.

6 sking99 the Chiller (level 1, -2/14 HPs)
             Began as a Ghoul Ice Elementalist on July 6, 2018.
             Slain by a goblin (3 damage)
             ... on level 1 of the Dungeon.
             The game lasted 00:01:09 (346 turns).

sking99 the Chiller (Ghoul Ice Elementalist)         Turns: 346, Time: 00:01:10

Health: -2/14      AC:  2    Str: 11    XL:     1   Next: 90%
Magic:  0/2        EV: 12    Int: 10    God:
Gold:   7          SH:  0    Dex:  9    Spells: 2/3 levels left

rFire    . . .     SeeInvis .   (no weapon)
rCold    + . .     Gourm    .   (no shield)
rNeg     + + +     Faith    .   a - +0 robe
rPois    ∞         Spirit   .   (no helmet)
rElec    .         Reflect  .   (no cloak)
rCorr    .         Harm     .   (no gloves)
MR       .....                  (no boots)
Stlth    ++........             (no amulet)
HPRegen  0.00/turn              (no ring)
MPRegen  0.08/turn              (no ring)

@: rotting
A: rotting body, claws 1, carnivore, cold resistance 1, negative energy
resistance 3, inhibited regeneration, torment resistance, unbreathing
a: no special abilities


You were on level 1 of the Dungeon.
You were not hungry.

You visited 1 branch of the dungeon, and saw 1 of its levels.

You collected 7 gold pieces.

Inventory:

Missiles
 e - a throwing net (quivered)
Armour
 a - a +0 robe (worn)
Scrolls
 b - a scroll of blinking {unknown}
 f - a scroll of random uselessness {unknown}
 g - a scroll of identify {unknown}
Potions
 d - a potion of heal wounds {unknown}
Comestibles
 c - a ration


   Skills:
 - Level 1.7 Dodging
 - Level 2.1 Stealth
 + Level 1.8 Spellcasting
   Level 0.7 Conjurations
 * Level 3.7 Ice Magic


You had 2 spell levels left.
You knew the following spells:

 Your Spells              Type           Power        Failure   Level  Hunger
a - Freeze                Ice            #...         7%          1    ##.....

Your spell library contained the following spells:

 Spells                   Type           Power        Failure   Level  Hunger
 Throw Frost              Conj/Ice       #.....       19%         2    ###....
 Summon Ice Beast         Ice/Summ       #.......     82%         4    #####..
 Ozocubu's Armour         Chrm/Ice       #.......     41%         3    ####...
 Throw Icicle             Conj/Ice       #.......     77%         4    #####..


Dungeon Overview and Level Annotations

Branches:
Dungeon (1/15)

Altars:


Innate Abilities, Weirdness & Mutations

Your body is rotting away.
You thrive on raw meat.
You are immune to poison.
You have sharp fingernails.
You are carnivorous and can eat meat at any time.
Your flesh is cold resistant. (rC+)
You are immune to negative energy. (rN+++)
You do not regenerate when monsters are visible.
You are immune to unholy pain and torment.
You can survive without breathing.


Message History

a club; a goblin corpse The goblin closely misses you.
The goblin barely misses you.
Casting: Freeze (safe; 7% risk of failure)
Confirm with . or Enter, or press ? or * to list all spells.
Aiming: Freeze (safe; 7% risk of failure)
Press: ? - help, Shift-Dir - straight line, f - goblin, p - dart slug
Aim: a goblin You freeze the goblin.
The goblin is moderately wounded.
The goblin hits you.
* * * LOW HITPOINT WARNING * * *
Okay, then.
You closely miss the goblin.
The goblin is moderately wounded.
The goblin misses you.
You barely miss the goblin.
The goblin is moderately wounded.
The goblin hits you.
You die...

....... #.....
....... #...
.[.....##.#######
.......()........
.......##w#######
.(..... #.#
....... #K#
....... #g#
....... #@#
....... #.#..
#######
#.#.######
#.#.#..#.#
#.#.#..#.#
#.#.#....# #
#.#.#.##.#.#.#
#.#.#........#
#.#.......####


You could see a dart slug, a goblin and a kobold.

Vanquished Creatures
  A dart slug (D:1)
  A goblin (D:1)
  A hobgoblin (D:1)
  A bat (D:1)
4 creatures vanquished.

Vanquished Creatures (others)
  A goblin (D:1)
1 creature vanquished.

Grand Total: 5 creatures vanquished

Notes
Turn   | Place    | Note
-------+----------+-------------------------------------------
     0 | D:1      | sking99 the Ghoul Ice Elementalist began the quest for the Orb.
     0 | D:1      | Reached XP level 1. HP: 14/14 MP: 2/2
   346 | D:1      | Slain by a goblin

Vault maps used:
D:1:      minmay_arrival_nine_rooms

Action                   || total
-------------------------++-------
Melee: Unarmed           ||     7
 Cast: Freeze            ||     6
  Eat: Chunk             ||     4
Armor: Robe              ||     2
Dodge: Dodged            ||    10

Table legend:
 A = Spawn XP
 B = Non-spawn XP
 C = Spawn XP percentage of total XP
 D = Spawn monster count
 E = Non-spawn monster count
 F = Spawn count percentage of total count
 G = Total turns spent on level
                    A         B        C        D         E        F      G
               +---------+---------+-------+---------+---------+-------+---------
         Total |       0 |       9 |   0.0 |       0 |       4 |   0.0 |   346
               +---------+---------+-------+---------+---------+-------+---------
           D:1 |       0 |       9 |   0.0 |       0 |       4 |   0.0 |   346
               +---------+---------+-------+---------+---------+-------+---------
